 Dungeon Crawl Stone Soup version 0.24-a0-592-g9a1d66b0e3 (webtiles) character file.

Game seed: 9091633759322928728, levelgen mode: deterministic

567602 Peloso the Minotaur Barricade (level 25, -56/249 HPs)
             Began as a Minotaur Fighter on Sept 9, 2019.
             Was the Champion of Okawaru.
             Annihilated by a juggernaut (81 damage)
             ... on level 2 of the Depths.
             The game lasted 03:58:39 (69290 turns).

Peloso the Minotaur Barricade (Minotaur Fighter)   Turns: 69290, Time: 03:58:39

Health: -56/249    AC: 28    Str: 42    XL:     25   Next: 54%
Magic:  24/24      EV: 16    Int: 15    God:    Okawaru [******]
Gold:   1653       SH: 19    Dex: 11    Spells: 24/24 levels left

rFire    + + +     SeeInvis +   a - +7 Sulking Sword {slice, sonic wave}
rCold    + . .     Gourm    .   K - +3 warlock's mirror {reflect}
rNeg     + . .     Faith    .   P - +11 chain mail of Morality {Int+6}
rPois    +         Spirit   .   A - -2 hat of the Alchemist {rElec rPois rF+ rC+ rN+ MR+ rMut rCorr}
rElec    +         Reflect  +   C - scarf {rC+ rF+}
rCorr    +         Harm     .   E - +0 pair of gloves of Hysteria {rElec rCorr}
rMut     +                      b - +0 pair of boots of Joy {Str+6 Int+4}
MR       +++..                  O - +5 amulet of reflection
Stlth    ..........             G - ring of the Saviour {Fire Str+4}
HPRegen  0.51/turn              M - ring of the Death Scarab {rElec rPois MR+ Slay+2 SInv}
MPRegen  0.19/turn

@: silenced
A: retaliatory headbutt, horns 2
}: 3/15 runes: decaying, serpentine, silver
a: Renounce Religion


You were on level 2 of the Depths.
You worshipped Okawaru.
Okawaru was exalted by your worship.
You were not hungry.

You visited 8 branches of the dungeon, and saw 44 of its levels.
You visited 1 bazaar.
You also visited: Sewer and Ice Cave.

You collected 7261 gold pieces.
You spent 5608 gold pieces at shops.

Inventory:

Hand Weapons
 a - the +7 Sulking Sword (weapon) {slice, sonic wave}
   (Okawaru gifted it to you on level 3 of the Elven Halls)

   It inflicts extra damage upon your enemies.
 N - a +5 double sword of flaming
Armour
 b - the +0 pair of boots of Joy (worn) {Str+6 Int+4}
   (You found it on level 1 of the Depths)

   It affects your strength (+6).
   It affects your intelligence (+4).
 A - the -2 hat of the Alchemist (worn) {rElec rPois rF+ rC+ rN+ MR+ rMut rCorr}
   (You acquired it on level 1 of the Vaults)

   It protects you from fire.
   It protects you from cold.
   It insulates you from electricity.
   It protects you from poison.
   It protects you from negative energy.
   It affects your resistance to hostile enchantments.
   It provides partial protection from all sources of acid and corrosion.
   It protects you from mutation.
 C - a scarf of resistance (worn)
 E - the +0 pair of gloves of Hysteria (worn) {rElec rCorr}
   (You bought it in a shop on level 2 of the Orcish Mines)

   It insulates you from electricity.
   It provides partial protection from all sources of acid and corrosion.
 H - a +2 pair of boots of flying
 K - the +3 warlock's mirror (worn) {reflect}
   (You bought it in a shop on level 2 of the Orcish Mines)
 P - the +11 chain mail of Morality (worn) {Int+6}
   (You found it on level 2 of the Elven Halls)

   It affects your intelligence (+6).
 T - +0 gold dragon scales
Jewellery
 G - the ring of the Saviour (left hand) {Fire Str+4}
   (You took it off a frost giant on level 4 of the Depths)

   [ring of fire]

   It enhances your fire magic.
   It affects your strength (+4).
   It protects you from fire.
   It makes you vulnerable to cold.
 M - the ring of the Death Scarab (right hand) {rElec rPois MR+ Slay+2 SInv}
   (You bought it in a shop on level 5 of the Dungeon)

   [ring of slaying]

   It affects your accuracy and damage with ranged weapons and melee attacks
   (+2).
   It insulates you from electricity.
   It protects you from poison.
   It affects your resistance to hostile enchantments.
   It lets you see invisible.
 O - a +5 amulet of reflection (around neck)
Wands
 D - a wand of digging (10)
Scrolls
 c - 2 scrolls of fear
 e - 3 scrolls of identify
 g - 25 scrolls of remove curse
 i - 31 scrolls of teleportation
 j - 4 scrolls of blinking
 m - a scroll of silence
 x - 11 scrolls of magic mapping
 I - 11 scrolls of noise
Potions
 k - 14 potions of haste
 n - 17 potions of curing
 s - a potion of mutation
 u - 5 potions of heal wounds
 z - 3 potions of berserk rage
 R - 4 potions of might
 V - 4 potions of resistance
Comestibles
 f - 64 rations


   Skills:
 + Level 25.0 Fighting
 + Level 25.4 Long Blades
   Level 2.6 Axes
 + Level 21.2 Armour
 + Level 12.8 Dodging
 + Level 4.6 Stealth
 O Level 27 Shields
 + Level 2.7 Invocations
 + Level 1.1 Evocations


You had 24 spell levels left.
You didn't know any spells.
Your spell library contained the following spells:

 Spells                   Type           Power        Failure   Level  Hunger
 Apportation              Tloc           #.....       45%         1    ##.....
 Beastly Appendage        Tmut           #.....       45%         1    ##.....
 Confusing Touch          Hex            #.....       45%         1    ##.....
 Corona                   Hex            #......      45%         1    ##.....
 Flame Tongue             Conj/Fire      #....        45%         1    ##.....
 Freeze                   Ice            #...         45%         1    ##.....
 Infusion                 Chrm           #...         45%         1    ##.....
 Magic Dart               Conj           #...         45%         1    ##.....
 Pain                     Necr           #...         45%         1    ##.....
 Sandblast                Erth           #.....       45%         1    ##.....
 Shock                    Conj/Air       #...         45%         1    ##.....
 Sting                    Conj/Pois      #...         45%         1    ##.....
 Summon Butterflies       Summ           #.......     45%         1    ##.....
 Summon Small Mammal      Summ           #...         45%         1    ##.....
 Blink                    Tloc           N/A          61%         2    ###....
 Call Imp                 Summ           #.......     61%         2    ###....
 Corpse Rot               Necr           N/A          61%         2    ###....
 Ensorcelled Hibernation  Hex/Ice        #.....       61%         2    ###....
 Passwall                 Tmut/Erth      #.......     61%         2    ###....
 Poisonous Vapours        Pois/Air       #.....       61%         2    ###....
 Searing Ray              Conj           #.....       61%         2    ###....
 Shroud of Golubria       Chrm/Tloc      #.....       61%         2    ###....
 Slow                     Hex            #.......     61%         2    ###....
 Song of Slaying          Chrm           #.......     61%         2    ###....
 Sticks to Snakes         Tmut           #.......     61%         2    ###....
 Sublimation of Blood     Necr           #.........   61%         2    ###....
 Swiftness                Chrm/Air       #.......     61%         2    ###....
 Throw Flame              Conj/Fire      #.....       61%         2    ###....
 Throw Frost              Conj/Ice       #.....       61%         2    ###....
 Call Canine Familiar     Summ           #.......     83%         3    ####...
 Confuse                  Hex            #.......     83%         3    ####...
 Conjure Flame            Conj/Fire      #.......     83%         3    ####...
 Dazzling Spray           Conj/Hex       #.....       83%         3    ####...
 Gell's Gravitas          Tloc           #.........   83%         3    ####...
 Ignite Poison            Fire/Tmut/Pois #.......     83%         3    ####...
 Inner Flame              Hex/Fire       #.......     83%         3    ####...
 Lesser Beckoning         Tloc           #.........   83%         3    ####...
 Mephitic Cloud           Conj/Pois/Air  #.......     83%         3    ####...
 Ozocubu's Armour         Chrm/Ice       #.......     83%         3    ####...
 Recall                   Summ/Tloc      N/A          83%         3    ####...
 Regeneration             Chrm/Necr      #.........   83%         3    ####...
 Spectral Weapon          Hex/Chrm       #.......     83%         3    ####...
 Spider Form              Tmut/Pois      #.........   83%         3    ####...
 Static Discharge         Conj/Air       #.......     83%         3    ####...
 Stone Arrow              Conj/Erth      #.....       83%         3    ####...
 Summon Guardian Golem    Hex/Summ       #.......     83%         3    ####...
 Tukima's Dance           Hex            #.......     83%         3    ####...
 Airstrike                Air            #.........   99%         4    #####..
 Force Lance              Conj/Tloc      #.......     99%         4    #####..
 Fulminant Prism          Conj/Hex       #.........   99%         4    #####..
 Ice Form                 Ice/Tmut       #.......     99%         4    #####..
 Iskenderun's Mystic Bla  Conj           #.......     99%         4    #####..
 Leda's Liquefaction      Hex/Erth       #.........   99%         4    #####..
 Olgreb's Toxic Radiance  Pois           #.......     99%         4    #####..
 Petrify                  Tmut/Erth      #.......     99%         4    #####..
 Sticky Flame             Conj/Fire      #.......     99%         4    #####..
 Summon Ice Beast         Ice/Summ       #.......     99%         4    #####..
 Summon Lightning Spire   Summ/Air       #.......     99%         4    #####..
 Alistair's Intoxication  Tmut/Pois      #.......     100%        5    ######.
 Aura of Abjuration       Summ           #.........   100%        5    ######.
 Blade Hands              Tmut           #.........   100%        5    ######.
 Bolt of Magma            Conj/Fire/Erth #.........   100%        5    ######.
 Dispel Undead            Necr           #.......     100%        5    ######.
 Fireball                 Conj/Fire      #.........   100%        5    ######.
 Irradiate                Conj/Tmut      #.........   100%        5    ######.
 Iskenderun's Battlesphe  Conj/Chrm      #.......     100%        5    ######.
 Lee's Rapid Deconstruct  Erth           #.........   100%        5    ######.
 Lightning Bolt           Conj/Air       #.........   100%        5    ######.
 Metabolic Englaciation   Hex/Ice        #.........   100%        5    ######.
 Silence                  Hex/Air        #.........   100%        5    ######.
 Summon Demon             Summ           #.........   100%        5    ######.
 Summon Forest            Summ/Tloc      #.........   100%        5    ######.
 Summon Mana Viper        Hex/Summ       #.......     100%        5    ######.
 Venom Bolt               Conj/Pois      #.........   100%        5    ######.
 Yara's Violent Unravell  Hex/Tmut       #.........   100%        5    ######.
 Bolt of Cold             Conj/Ice       #.........   100%        6    #######
 Bolt of Fire             Conj/Fire      #.........   100%        6    #######
 Freezing Cloud           Conj/Ice/Air   #.........   100%        6    #######
 Hydra Form               Tmut           #.........   100%        6    #######
 Invisibility             Hex            #.......     100%        6    #######
 Iron Shot                Conj/Erth      #.........   100%        6    #######
 Shadow Creatures         Summ           N/A          100%        6    #######
 Simulacrum               Ice/Necr       #.........   100%        6    #######
 Malign Gateway           Summ/Tloc      #.........   100%        7    #######
 Orb of Destruction       Conj           #.........   100%        7    #######
 Ring of Flames           Chrm/Fire      #.........   100%        7    #######
 Spellforged Servitor     Conj/Summ      #.........   100%        7    #######
 Summon Hydra             Summ           #.........   100%        7    #######
 Controlled Blink         Tloc           N/A          100%        8    #######
 Dragon's Call            Summ           #.........   100%        9    #######


Dungeon Overview and Level Annotations

Branches:
Dungeon (15/15)            Temple (0/1) D:5            Lair (6/6) D:10
  Swamp (4/4) Lair:2        Snake (4/4) Lair:4        Slime (0/5) Lair:5
    Orc (2/2) D:9             Elf (3/3) Orc:2        Vaults (5/5) D:13
  Crypt (0/3) Vaults:3     Depths (5/5) D:15            Zot (0/5) Depths:5
  Sewer (visited)           IceCv (visited)

Altars:
Ashenzari
Dithmenos
Gozag
Hepliaklqana
Kikubaaqudgha
Okawaru
Qazlal
Sif Muna
Trog
Wu Jian
Xom
Zin
The Shining One
Jiyva
Lugonu

Shops:
D:5 *[=   D:10 :   D:14 }   D:15 *[   Orc:2 (*%[   Elf:2 }   Elf:3 (*(
Vaults:1 *(**   Vaults:5 ?   Depths:3 }}=

Portals:
Hell: Depths:1 Depths:2 Depths:3 Depths:4 Depths:5
Abyss: Depths:3 Depths:4
Pandemonium: Depths:2 Depths:3
Ziggurat: Depths:1
Bazaar: Vaults:3
Trove: Depths:2 (give 11 potions of heal wounds)

Annotations:
Depths:2 1 transporter, 1 runed translucent door
Depths:5 3 runed translucent doors


Innate Abilities, Weirdness & Mutations

You reflexively headbutt those who attack you in melee.
You have a pair of horns on your head.


Message History

The juggernaut is moderately wounded.
The juggernaut hits you!!!
* * * LOW HITPOINT WARNING * * *
You block the juggernaut's attack. The ettin hits you but does no damage.
You block the ettin's attack.
You cut the juggernaut into ribbons!!!
The Sulking Sword makes a disoriented impression.
The juggernaut is heavily wounded.
You block the ettin's attack.
The ettin hits you with a +0 dire flail!!
* * * LOW HITPOINT WARNING * * *
Unknown command.
You hit the juggernaut.
The Sulking Sword looks bugged out.
The juggernaut is heavily wounded.
You slice the juggernaut!!
The Sulking Sword looks bugged out.
The juggernaut is severely wounded.
The juggernaut hits you!!!!
You die...

## ..... ######.# .#
............#T# ###'###
## g#. ⌠..)%/..⌠..#e#
#...... ## # #.
....[......#e# #...... §#
#g .....:_).....#i#
#.##### ≈# y# .##
#+####..#y #.#≈≈≈# ##
###..#y##W##y#..###
#.#≈≈≈# ##
#°#..#########C.#☼#
#.#≈§§# ≈#
#....#...#.@C.#
####.#≈b§# .#
#..(')..'...## #..'.#bbb#
## ##(.'.©.'..##
####.##### .# ###########
#.##### .# #y#####y#
#....(. .# ###.©.###
####(.. .# #.......# ####
##... .# #.......#
#..###..## ##
#.......#########........


You could see a juggernaut (berserk), a deep elf annihilator, an ettin, a deep
elf demonologist, 3 moths of wrath, a spriggan air mage and a deep troll earth
mage.

Vanquished Creatures
  An ancient lich (Depths:3)
  A juggernaut (Depths:5)
  Frederick (Vaults:3)
  A caustic shrike (Depths:4)
  4 golden dragons
  the Enchantress (Depths:3)
  4 bone dragons
  5 liches
  3 tentacled monstrosities
  3 deep elf blademasters
  A quicksilver dragon (Vaults:5)
  2 titans (Vaults:5)
  Frances (Swamp:2)
  An ancient champion (Depths:3)
  7 sphinxes
  A draconian monk (Depths:5)
  3 thorn hunters
  4 storm dragons
  Donald (Elf:1)
  5 tengu reavers
  7 shadow dragons
  An iron dragon (Depths:4)
  15 frost giants
  9 nagarajas
  11 fire giants
  16 vault wardens
  2 orc warlords (Orc:1)
  12 deep elf sorcerers
  The ghost of mgcat the Unseen, an adept SpVM of Gozag (Swamp:2)
  7 deep elf elementalists
  2 draconian stormcallers (Depths:5)
  3 spriggan defenders
  A war gargoyle (Vaults:5)
  20 very ugly things
  The ghost of PeterQ the Grappler, a journeyman TrMo of Gozag (Lair:5)
  21 ironheart preservers
  15 stone giants
  2 entropy weavers
  3 black draconians (Depths:5)
  6 deep elf demonologists
  2 vampire knights
  9 deep elf annihilators
  2 green draconians (Depths:5)
  Nessos (Lair:4)
  5 red draconians (Depths:5)
  2 purple draconians (Depths:5)
  3 white draconians (Depths:5)
  A yellow draconian (Depths:5)
  A minotaur (Lair:5)
  11 spark wasps
  7 deep elf death magi
  A merfolk impaler (Depths:5)
  21 ettins
  7 crystal guardians
  A blizzard demon (Depths:2)
  6 great orbs of eyes
  8 deep elf high priests
  2 jiangshi (Depths:3)
  6 fire dragons
  22 yaktaur captains
  33 vault guards
  A hell beast (Depths:3)
  Harold (D:10)
  2 rakshasas
  12 ice dragons
  A great orb of eyes (shapeshifter) (Depths:3)
  3 centaur warriors
  An ice dragon (shapeshifter) (Vaults:5)
  11 naga warriors
  An anaconda (shapeshifter) (Vaults:5)
  23 hydras
  7 shambling mangroves
  25 ogre magi
  A caustic shrike simulacrum (Depths:3)
  5 tengu warriors
  4 spriggan air magi
  23 anacondas
  25 dancing weapons
  9 alligators
  46 two-headed ogres
  An orc high priest (Orc:1)
  A vampire mage (Depths:3)
  8 shock serpents
  10 deep troll earth magi
  5 spriggan berserkers
  9 deep troll shamans
  17 naga sharpshooters
  Urug (D:10)
  14 deep elf knights
  2 iron trolls
  A sixfirhy (Depths:2)
  3 salamander mystics
  3 shadow wraiths
  37 deep trolls
  7 wizards
  10 unseen horrors
  5 spriggan druids
  4 glowing orange brains
  5 hell knights
  4 skeletal warriors (Depths:3)
  A gelid demonspawn (Depths:2)
  An orange crystal statue (Depths:1)
  A flayed ghost (Vaults:4)
  12 naga ritualists
  9 deep elf archers
  6 harpies
  13 mana vipers
  Pikel (D:4)
  19 ironbrand convokers
  A lindwurm (Lair:6)
  7 phantasmal warriors
  10 swamp dragons
  6 necromancers
  14 orc knights
  A harpy (shapeshifter) (Vaults:5)
  10 salamanders
  43 deep elf magi
  31 ugly things
  3 orc sorcerers
  6 oklob plants
  10 wolf spiders
  Maurice (D:12)
  8 elephants
  A salamander (shapeshifter) (Depths:4)
  4 manticores
  7 cyclopes
  13 guardian serpents
  A centaur zombie (D:13)
  A frost giant skeleton (Depths:3)
  A guardian serpent (shapeshifter) (Vaults:5)
  10 vault sentinels
  50 black mambas
  A rust devil (Depths:2)
  15 naga magi
  A fire giant skeleton (Depths:3)
  4 gargoyles
  25 spiny frogs
  6 torpor snails (Lair:6)
  5 rime drakes
  A yaktaur zombie (Vaults:4)
  The ghost of Gynju the Reanimator, a novice DsNe (D:6)
  A swamp worm zombie (Swamp:4)
  9 komodo dragons
  2 kobold demonologists
  10 freezing wraiths
  2 tengu conjurers (Depths:5)
  59 yaktaurs
  An ice devil (Depths:3)
  3 meliai (D:15)
  11 trolls
  A shadow dragon simulacrum (Vaults:3)
  A polar bear (shapeshifter) (Depths:2)
  34 hornets
  14 polar bears
  10 tyrant leeches
  A tengu simulacrum (Vaults:2)
  A queen bee (D:15)
  11 blink frogs
  2 red devils
  3 hornets (shapeshifter)
  4 bog bodies
  42 slime creatures
  An alligator zombie (Swamp:4)
  A blink frog (shapeshifter) (Depths:3)
  14 hippogriffs
  3 dream sheep (Lair:6)
  A human simulacrum (Vaults:4)
  Sigmund (D:4)
  4 air elementals
  A centaur simulacrum (D:12)
  7 redbacks
  48 yaks
  2 vampires
  7 large abominations
  13 spriggans
  A shadow (Swamp:2)
  4 wraiths
  5 wyverns
  A water elemental (Depths:5)
  An ettin skeleton (Vaults:4)
  A yak (shapeshifter) (Depths:2)
  3 basilisks
  A golden eye (shapeshifter) (Depths:2)
  4 hungry ghosts
  A fire elemental (Elf:3)
  A steam dragon (D:14)
  19 vampire mosquitoes
  5 wargs
  A swamp worm (shapeshifter) (Depths:2)
  7 insubstantial wisps
  10 swamp worms
  4 acid dragons
  46 nagas
  A soldier ant (D:12)
  20 water moccasins
  Duvessa (D:4)
  64 orc warriors
  13 porcupines
  4 sky beasts
  A hornet zombie (D:15)
  A swamp dragon zombie (Swamp:4)
  14 swamp drakes
  6 ice beasts
  A slave (D:4)
  41 ogres
  3 phantoms
  3 black bears (shapeshifter)
  Purgy (Sewer)
  An eye of draining (shapeshifter) (Elf:3)
  A necrophage (D:12)
  A black bear (D:10)
  6 centaurs
  20 wolves
  9 boggarts
  7 crocodiles
  5 big kobolds
  Blork the orc (D:4)
  An elf zombie (D:9)
  10 small abominations
  2 wyvern zombies
  2 earth elementals
  24 bullfrogs
  2 wyvern skeletons (D:14)
  Dowan (D:4)
  3 scorpions
  A troll zombie (D:9)
  20 killer bees
  5 howler monkeys
  8 electric eels
  A wight (D:9)
  12 crimson imps
  2 bullfrog zombies (D:6)
  2 jellies
  A quasit (D:11)
  3 centaur skeletons
  9 hounds
  34 orc wizards
  5 human zombies
  3 iguanas
  21 orc priests
  A bullfrog skeleton (D:13)
  An iron imp (Depths:5)
  2 human skeletons (D:9)
  12 worker ants
  Terence (D:3)
  5 hell rats (Lair:3)
  An ogre zombie (D:9)
  An ogre skeleton (D:9)
  A worker ant zombie (D:7)
  3 gnolls (D:3)
  A howler monkey skeleton (D:11)
  3 swamp drake zombies (Swamp:4)
  18 adders
  A shadow imp (D:5)
  12 white imps (D:12)
  2 oozes
  4 worms
  2 dart slugs (D:1)
  9 leopard geckos
  128 orcs
  8 ball pythons
  5 giant cockroaches
  11 goblins
  9 hobgoblins
  11 jackals
  10 quokkas
  10 bats
  8 frilled lizards
  A jackal zombie (D:3)
  19 kobolds
  A leopard gecko skeleton (D:5)
  A quokka skeleton (D:10)
  9 rats
  3 crawling corpses
  9 plants
2225 creatures vanquished.

Vanquished Creatures (others)
  A deep elf master archer (Elf:3)
  A nagaraja (Snake:4)
  A stone giant (Vaults:5)
  A deep elf death mage (Elf:3)
  3 yaktaur captains (Vaults:5)
  2 centaur warriors
  A naga sharpshooter (Snake:2)
  A deep elf knight (Elf:3)
  An orc knight (Vaults:5)
  A deep elf mage (Elf:1)
  2 cyclopes
  A naga mage (Snake:4)
  19 yaktaurs
  A polar bear (IceCv)
  A naga (Snake:3)
  4 orc warriors (Orc:2)
  A boggart (Vaults:2)
  3 wolves (IceCv)
  7 centaurs
  An orc wizard (Orc:2)
  5 orcs (Orc:2)
  A quokka (D:4)
  A frilled lizard (D:4)
  2 briar patches (Swamp:4)
  3 fungi
  18 plants
83 creatures vanquished.

Grand Total: 2308 creatures vanquished

Notes
Turn   | Place    | Note
-------+----------+-------------------------------------------
     0 | D:1      | Peloso the Minotaur Fighter began the quest for the Orb.
     0 | D:1      | Reached XP level 1. HP: 19/19 MP: 0/0
   112 | D:1      | Reached skill level 4 in Shields
   112 | D:1      | Reached XP level 2. HP: 27/27 MP: 1/1
   702 | D:1      | Reached XP level 3. HP: 24/33 MP: 2/2
  1175 | D:2      | Reached XP level 4. HP: 33/40 MP: 3/3
  1756 | D:3      | Found an ornate altar of the Wu Jian Council.
  1878 | D:3      | Reached skill level 1 in Dodging
  1887 | D:3      | Reached XP level 5. HP: 41/46 MP: 4/4
  1890 | D:3      | Found a transporter.
  1890 | D:3      | Found a hazy altar of Hepliaklqana.
  2030 | D:3      | Found a transporter.
  2107 | D:3      | Found a glowing drain.
  2125 | D:3      | Reached skill level 5 in Shields
  2158 | Sewer    | Entered a sewer
  2182 | Sewer    | Noticed Purgy
  2212 | Sewer    | Killed Purgy
  2212 | Sewer    | Reached XP level 6. HP: 38/53 MP: 5/5
  2423 | D:3      | Reached skill level 5 in Long Blades
  2521 | D:3      | Noticed Terence
  2531 | D:3      | Killed Terence
  2531 | D:3      | Reached skill level 5 in Armour
  2646 | D:3      | Found a shadowy altar of Dithmenos.
  2948 | D:4      | Noticed Sigmund
  2962 | D:4      | Noticed Dowan
  2963 | D:4      | Noticed Duvessa
  3049 | D:4      | Killed Duvessa
  3049 | D:4      | Reached skill level 6 in Shields
  3049 | D:4      | Reached XP level 7. HP: 21/60 MP: 6/6
  3049 | D:4      | HP: 3/60 [Dowan/shard of ice (19)]
  3055 | D:4      | Killed Dowan
  3055 | D:4      | Reached skill level 5 in Fighting
  3377 | D:4      | Killed Sigmund
  3600 | D:4      | Found a glowing silver altar of Zin.
  3683 | D:4      | Noticed Blork the orc
  3694 | D:4      | Killed Blork the orc
  3706 | D:4      | Found a shimmering blue altar of Sif Muna.
  3828 | D:4      | Noticed Pikel
  3840 | D:4      | Killed Pikel
  3840 | D:4      | Reached skill level 7 in Shields
  3840 | D:4      | Reached XP level 8. HP: 43/69 MP: 7/7
  3907 | D:4      | Found an iron altar of Okawaru.
  3915 | D:4      | Became a worshipper of Warmaster Okawaru
  3965 | D:5      | Entered Level 5 of the Dungeon
  4174 | D:5      | Got a twisted buckler
  4180 | D:5      | Identified the cursed +0 buckler "Onyopour" {rF- rC+ Int+6}
                  | (You found it on level 5 of the Dungeon)
  4634 | D:5      | Found Getoemni's General Store.
  4639 | D:5      | Bought a scroll of identify for 24 gold pieces
  4674 | D:5      | Reached skill level 8 in Shields
  4714 | D:5      | Reached * piety under Okawaru
  4921 | D:5      | Reached XP level 9. HP: 53/75 MP: 8/8
  5089 | D:5      | Found Lezerizi's Antique Armour Boutique.
  5132 | D:5      | Found Unue's Jewellery Boutique.
  5229 | D:5      | Found a staircase to the Ecumenical Temple.
  5379 | D:5      | Found a shattered altar of Ashenzari.
  5555 | D:6      | Got a warped garnet amulet
  5558 | D:6      | Identified the amulet "Zuuhaj" {*Corrode +Rage rC+ Int+3}
                  | (You found it on level 6 of the Dungeon)
  5901 | D:6      | Noticed Gynju's ghost (novice DsNe)
  5924 | D:6      | Found a runed translucent door.
  6582 | D:7      | Reached ** piety under Okawaru
  6648 | D:7      | Reached skill level 10 in Long Blades
  7241 | D:8      | Reached skill level 9 in Shields
  7532 | D:8      | Noticed a two-headed ogre
  7544 | D:8      | Killed a two-headed ogre
  7544 | D:8      | Reached *** piety under Okawaru
  7544 | D:8      | Reached XP level 10. HP: 66/84 MP: 6/9
  8399 | D:9      | Found a glowing golden altar of the Shining One.
  8401 | D:9      | Found a stormy altar of Qazlal.
  8550 | D:9      | Reached skill level 10 in Shields
  8854 | D:9      | Found an ancient bone altar of Kikubaaqudgha.
  8916 | D:9      | Reached **** piety under Okawaru
  9310 | D:9      | Found a staircase to the Orcish Mines.
  9399 | D:10     | Entered Level 10 of the Dungeon
  9487 | Orc:1    | Entered Level 1 of the Orcish Mines
  9604 | Orc:1    | Reached skill level 10 in Armour
  9609 | Orc:1    | Noticed an orc sorcerer
  9999 | Orc:1    | Noticed an orange demon
 10001 | Orc:1    | Killed an orc sorcerer
 10001 | Orc:1    | Reached XP level 11. HP: 72/92 MP: 7/10
 10038 | Orc:2    | Entered Level 2 of the Orcish Mines
 10445 | D:10     | Found Guc Ubei's Book Shop.
 10498 | D:10     | Noticed Urug
 10526 | D:10     | Killed Urug
 10526 | D:10     | Reached ***** piety under Okawaru
 10822 | D:10     | Noticed Harold
 10846 | D:10     | Killed Harold
 10853 | D:10     | Found a staircase to the Lair.
 10853 | D:10     | Noticed an oklob plant
 10953 | D:11     | Reached skill level 11 in Shields
 11173 | D:5      | Bought the ring of the Death Scarab {rElec rPois MR+ Slay+2
                  | SInv} for 637 gold pieces
 11539 | D:11     | Received a gift from Okawaru
 11571 | D:11     | Noticed a sixfirhy
 11576 | D:11     | Noticed a soul eater
 11827 | D:11     | Reached skill level 1 in Stealth
 12457 | D:10     | Killed an oklob plant
 12518 | Lair:1   | Entered Level 1 of the Lair of Beasts
 12638 | Lair:1   | Noticed an oklob plant
 12664 | Lair:1   | Killed an oklob plant
 12885 | Lair:1   | Reached skill level 12 in Shields
 13562 | Lair:2   | Found a staircase to the Swamp.
 13570 | Lair:2   | Reached XP level 12. HP: 103/103 MP: 11/11
 13676 | Lair:2   | Received a gift from Okawaru
 14168 | Lair:2   | Reached skill level 13 in Shields
 15126 | Lair:3   | Received a gift from Okawaru
 15129 | Lair:3   | Got a bloodstained cloak {god gift}
 15140 | Lair:3   | Identified the +0 cloak "Saodwamn" {*Drain rElec Regen+
                  | Int+5} (Okawaru gifted it to you on level 3 of the Lair of
                  | Beasts)
 16080 | Lair:3   | Reached skill level 14 in Shields
 16219 | Lair:4   | Noticed Nessos
 16226 | Lair:4   | Killed Nessos
 16226 | Lair:4   | Reached skill level 5 in Dodging
 16294 | Lair:4   | Found a staircase to the Snake Pit.
 16304 | Lair:4   | Reached XP level 13. HP: 113/113 MP: 12/12
 16465 | Lair:4   | Reached skill level 10 in Fighting
 16471 | Lair:4   | Reached ****** piety under Okawaru
 17228 | Lair:5   | Reached skill level 15 in Shields
 17637 | Lair:5   | Noticed PeterQ's ghost (journeyman TrMo)
 17638 | Lair:5   | Noticed a minotaur
 17654 | Lair:5   | Found a runed translucent gate.
 17654 | Lair:5   | Found a runed translucent gate.
 17654 | Lair:5   | Found a runed translucent gate.
 17746 | Lair:5   | Found a viscous altar of Jiyva.
 17756 | Lair:5   | Found a staircase to the Slime Pits.
 18054 | Lair:6   | Entered Level 6 of the Lair of Beasts
 18105 | Lair:6   | Reached skill level 15 in Long Blades
 18221 | Lair:5   | Reached skill level 1 in Invocations
 18310 | Lair:6   | Received a gift from Okawaru
 18341 | Lair:6   | Got a faintly humming shield {god gift}
 18347 | Lair:6   | Identified the +8 shield of Failure {+Fly rC+} (Okawaru
                  | gifted it to you on level 6 of the Lair of Beasts)
 18501 | Lair:6   | Reached skill level 1 in Axes
 18693 | Lair:6   | Reached skill level 16 in Shields
 19182 | Lair:6   | Found a runed translucent door.
 19329 | Lair:6   | Reached XP level 14. HP: 82/122 MP: 13/13
 19740 | D:12     | Found a frozen archway.
 19781 | IceCv    | Entered an ice cave
 20103 | IceCv    | Reached skill level 17 in Shields
 20112 | IceCv    | Received a gift from Okawaru
 20187 | IceCv    | Noticed a frost giant
 20217 | IceCv    | Killed a frost giant
 20272 | IceCv    | Identified the Almanac of Snow
 20279 | IceCv    | Got a crude quarterstaff
 20377 | D:12     | Received a gift from Okawaru
 20382 | D:12     | Got a spiked hat {god gift}
 20388 | D:12     | Identified the +1 hat of Salvation {-Cast rPois Str+4}
                  | (Okawaru gifted it to you on level 12 of the Dungeon)
 20461 | D:12     | Noticed Maurice
 20474 | D:12     | Killed Maurice
 21019 | D:12     | Got a translucent ring mail
 21236 | D:12     | Reached skill level 18 in Shields
 21398 | D:12     | Identified the +2 ring mail of the Invisible Hand {rN+
                  | Str+2} (You found it on level 12 of the Dungeon)
 21707 | D:5      | Bought a scroll of acquirement for 624 gold pieces
 21707 | D:5      | Bought a scroll of identify for 24 gold pieces
 22109 | D:13     | Found a gate to the Vaults.
 22910 | D:14     | Found Peig's Gadget Shop.
 23052 | D:14     | Reached XP level 15. HP: 131/132 MP: 14/14
 23166 | D:14     | Received a gift from Okawaru
 23173 | D:14     | Found an opulent altar of Gozag.
 24144 | Orc:2    | Noticed an orc warlord
 24230 | Orc:1    | Killed an orc warlord
 24230 | Orc:1    | Reached skill level 19 in Shields
 24428 | Orc:2    | Found Pink's Food Shoppe.
 24428 | Orc:2    | Found Puur Teb's Assorted Antiques.
 24430 | Orc:2    | Found Ocruh's Antique Weapon Boutique.
 24432 | Orc:2    | Found Dirchata's Antique Armour Emporium.
 24480 | Orc:2    | Bought a pair of smoking gloves for 256 gold pieces
 24488 | Orc:2    | Identified the cursed +0 pair of gloves of Hysteria {rElec
                  | rCorr} (You bought it in a shop on level 2 of the Orcish
                  | Mines)
 24603 | Orc:2    | Found a staircase to the Elven Halls.
 24675 | Orc:2    | Received a gift from Okawaru
 25694 | Orc:1    | Noticed an orc warlord
 25720 | Orc:1    | Killed an orc warlord
 26170 | D:15     | Entered Level 15 of the Dungeon
 26442 | D:15     | Found Risuel's Pet Rocks.
 26741 | D:15     | Found a staircase to the Depths.
 26741 | D:15     | Noticed a fire giant
 26935 | D:15     | Killed a fire giant
 27101 | D:15     | Found Umedoaq's Antique Armour Emporium.
 27109 | D:15     | Bought a pair of runed boots for 262 gold pieces
 27602 | Swamp:1  | Entered Level 1 of the Swamp
 27624 | Swamp:1  | Reached skill level 20 in Shields
 27754 | Swamp:1  | Received a gift from Okawaru
 28020 | Swamp:1  | Got a polished quarterstaff
 28143 | Swamp:1  | Noticed a tentacled monstrosity
 28150 | Swamp:1  | Killed a tentacled monstrosity
 28150 | Swamp:1  | Reached XP level 16. HP: 144/144 MP: 15/15
 28498 | Lair:1   | Identified the +10 quarterstaff "Paev" {pain, rF++ Dex+2}
                  | (You found it on level 1 of the Swamp)
 28507 | Lair:1   | Identified the cursed +1 quarterstaff of Light {drain,
                  | Int+4} (You found it in an ice cave)
 28601 | Snake:1  | Entered Level 1 of the Snake Pit
 28696 | Snake:1  | Got a pair of distressingly furry boots
 28707 | Snake:1  | Identified the +0 pair of boots of the Shrike {rF+ MR+
                  | Int+2 Dex+4} (You found it on level 1 of the Snake Pit)
 29682 | Snake:2  | Reached skill level 21 in Shields
 30488 | Elf:1    | Entered Level 1 of the Elven Halls
 30490 | Elf:1    | Noticed an Ice Fiend
 30491 | Elf:1    | Noticed a Tzitzimitl
 30505 | Elf:1    | Received a gift from Okawaru
 30577 | Elf:1    | Found a flickering gateway to a bazaar.
 30620 | Bazaar   | Entered a bazaar
 30623 | Bazaar   | Found Kidutiz's Assorted Antiques.
 30628 | Bazaar   | Found Ikhlaahoegg's Jewellery Boutique.
 30651 | Bazaar   | Found Orumpeig's Assorted Antiques.
 30660 | Bazaar   | Found Udul's Book Shop.
 30885 | Elf:1    | Got a slimy ring mail
 30886 | Elf:1    | Identified the cursed +1 ring mail of Relativism {rPois rF+
                  | Str+4 Dex+2} (You found it on level 1 of the Elven Halls)
 31176 | Elf:1    | Found an ancient bone altar of Kikubaaqudgha.
 31222 | Elf:1    | Noticed Donald
 31238 | Elf:1    | Killed Donald
 31591 | Orc:2    | Bought the +3 warlock's mirror {reflect} for 1080 gold
                  | pieces
 31591 | Orc:2    | Found the +3 warlock's mirror {reflect}
 31744 | Elf:2    | Received a gift from Okawaru
 31747 | Elf:2    | Got an ichor-stained shield {god gift}
 31758 | Elf:2    | Identified the -9 shield of the Onion {rC+ Stlth+} (Okawaru
                  | gifted it to you on level 2 of the Elven Halls)
 31913 | Elf:2    | Got a smoking chain mail
 31924 | Elf:2    | Identified the +11 chain mail of Morality {Int+6} (You
                  | found it on level 2 of the Elven Halls)
 31954 | Elf:2    | Reached XP level 17. HP: 152/152 MP: 16/16
 31999 | Elf:2    | Found a runed translucent gate.
 31999 | Elf:2    | Found a runed translucent gate.
 31999 | Elf:2    | Found a runed translucent gate.
 32049 | Elf:2    | Found Ysamua's Distillery.
 32191 | Elf:2    | Found Puacweg's Gadget Shoppe.
 32365 | Elf:3    | Entered Level 3 of the Elven Halls
 32388 | Elf:3    | Found Liam's General Store.
 32388 | Elf:3    | Found Ughomip's Antique Weapon Boutique.
 32597 | Elf:3    | Found Pam Ymui's Weapon Shop.
 32866 | Elf:3    | Reached skill level 22 in Shields
 33140 | Elf:3    | Received a gift from Okawaru
 33271 | Elf:3    | Noticed a deep elf blademaster
 33276 | Elf:3    | Noticed a deep elf master archer
 33289 | Elf:3    | Killed a deep elf blademaster
 33289 | Elf:3    | Reached skill level 15 in Fighting
 33289 | Elf:3    | Reached skill level 15 in Armour
 33294 | Elf:3    | Killed a deep elf master archer
 33445 | Elf:3    | Noticed a deep elf blademaster
 33455 | Elf:3    | Killed a deep elf blademaster
 34063 | Elf:3    | Noticed a deep elf blademaster
 34146 | Elf:2    | Killed a deep elf blademaster
 34154 | Elf:3    | Identified the ring of Sibus {rN+ AC+3 SInv}
 34161 | Elf:3    | Received a gift from Okawaru
 34162 | Elf:3    | Found the +7 Singing Sword {slice, sonic wave}
 34268 | Elf:3    | Identified the +5 dire flail "Arixoela" {speed, rC+ rN+}
 34268 | Elf:3    | Identified the +1 robe of the Wumpus {rF- Dex+9}
 34329 | Elf:3    | Noticed a Tzitzimitl
 34339 | Elf:3    | Reached XP level 18. HP: 141/163 MP: 17/17
 34423 | Elf:3    | Got a faintly humming scale mail
 34424 | Elf:3    | Identified the cursed +0 scale mail of the Tarantula
                  | {Dex+8} (You found it on level 3 of the Elven Halls)
 34439 | Elf:3    | Received a gift from Okawaru
 34446 | Elf:3    | Identified the Handbook of Venom and Ignition
 34461 | Elf:3    | Identified the Compendium of Unholy Hexes
 35177 | Elf:2    | Received a gift from Okawaru
 35177 | Elf:2    | Reached skill level 23 in Shields
 35822 | Swamp:2  | Found a runed translucent gate.
 35822 | Swamp:2  | Found a runed translucent gate.
 35822 | Swamp:2  | Found a runed translucent gate.
 35824 | Swamp:2  | Got a fine battleaxe
 35831 | Swamp:2  | Noticed mgcat's ghost (adept SpVM)
 35875 | Swamp:2  | Found a transporter.
 36038 | Swamp:2  | Noticed Frances
 36049 | Swamp:2  | Killed Frances
 36211 | Swamp:2  | Killed mgcat's ghost
 36459 | Swamp:2  | Got a dazzling broad axe
 36464 | Swamp:2  | Identified the +9 battleaxe "Suthinn" {freeze, +Rage rC-
                  | Str+4} (You found it on level 2 of the Swamp)
 36468 | Swamp:2  | Identified the +7 broad axe of Trial by Ordeal {chop, rPois
                  | MR- Dex+4} (You found it on level 2 of the Swamp)
 36952 | Swamp:2  | Found a transporter.
 37025 | Swamp:2  | Got an ancient amethyst amulet
 37033 | Swamp:2  | Identified the amulet "Qoryal" {+Rage Int+2} (You found it
                  | on level 2 of the Swamp)
 37491 | Swamp:3  | Got a warped great sword
 38035 | Swamp:3  | Found a shimmering altar of Xom.
 38076 | Swamp:3  | Received a gift from Okawaru
 38091 | Swamp:3  | Got a faintly glowing morningstar {god gift}
 38092 | Swamp:3  | Identified the +7 morningstar "Siegokosk" {crush, *Contam
                  | rElec rPois Int+4} (Okawaru gifted it to you on level 3 of
                  | the Swamp)
 38454 | Swamp:4  | Entered Level 4 of the Swamp
 38492 | Swamp:4  | Identified the +7 great sword "Hanif" {slice, rN+ MR+} (You
                  | found it on level 3 of the Swamp)
 38516 | Swamp:4  | Reached XP level 19. HP: 122/174 MP: 18/18
 38828 | Swamp:4  | Received a gift from Okawaru
 38908 | Swamp:4  | Got a decaying rune of Zot
 39366 | Snake:3  | Reached skill level 24 in Shields
 40224 | Snake:3  | Got a scorched dagger
 40225 | Snake:3  | Identified the +4 dagger of Agony {pierce, MR+ Str+4} (You
                  | found it on level 3 of the Snake Pit)
 40362 | Snake:4  | Entered Level 4 of the Snake Pit
 40986 | Snake:4  | Received a gift from Okawaru
 40996 | Snake:4  | Got a faintly glowing hat {god gift}
 41007 | Snake:4  | Identified the +1 hat of Olued {Int+2} (Okawaru gifted it
                  | to you on level 4 of the Snake Pit)
 41732 | Snake:4  | Reached XP level 20. HP: 45/184 MP: 19/19
 42691 | Snake:4  | Got a serpentine rune of Zot
 43130 | Vaults:1 | Entered Level 1 of the Vaults
 43142 | Vaults:1 | Reached skill level 25 in Shields
 43362 | Vaults:1 | Found Datusah's Antique Weapon Boutique.
 43363 | Vaults:1 | Found Ziut's Assorted Antiques.
 43550 | Vaults:1 | Received a gift from Okawaru
 43899 | Vaults:1 | Found Niarphuzuwn's Assorted Antiques.
 43902 | Vaults:1 | Bought a ring of slaying for 60 gold pieces
 44084 | Vaults:1 | Found Noucla's Assorted Antiques.
 44694 | Vaults:2 | Received a gift from Okawaru
 45084 | Vaults:2 | Received a gift from Okawaru
 45104 | Vaults:2 | Got a crude large shield {god gift}
 45105 | Vaults:2 | Identified the +0 large shield of Elitism {*Slow +Inv Int+6
                  | Dex+4} (Okawaru gifted it to you on level 2 of the Vaults)
 45307 | Vaults:2 | Reached XP level 21. HP: 138/195 MP: 20/20
 46635 | Vaults:3 | Reached skill level 26 in Shields
 46772 | Vaults:3 | Found a gateway to a bazaar.
 46954 | Vaults:3 | Found a staircase to the Crypt.
 47232 | Vaults:3 | Reached skill level 10 in Dodging
 47235 | Vaults:3 | Received a gift from Okawaru
 47318 | Vaults:3 | Noticed Frederick
 47328 | Vaults:3 | Killed Frederick
 47573 | Vaults:3 | Received a gift from Okawaru
 48148 | Vaults:1 | Bought a scroll of acquirement for 1248 gold pieces
 49207 | Vaults:4 | Received a gift from Okawaru
 49873 | Vaults:4 | Reached XP level 22. HP: 206/206 MP: 22/22
 50667 | Vaults:5 | Entered Level 5 of the Vaults
 50858 | Vaults:4 | Reached skill level 27 in Shields
 50862 | Vaults:4 | Received a gift from Okawaru
 50865 | Vaults:4 | Got an ichor-stained falchion {god gift}
 50866 | Vaults:4 | Identified the +7 falchion "Paliatz" {antimagic, rPois}
                  | (Okawaru gifted it to you on level 4 of the Vaults)
 51457 | Vaults:5 | Received a gift from Okawaru
 51467 | Vaults:5 | Received a gift from Okawaru
 51746 | Vaults:5 | Noticed a golden dragon
 52067 | Vaults:5 | Killed a golden dragon
 52070 | Vaults:5 | Received a gift from Okawaru
 52083 | Vaults:5 | Got an ichor-stained long sword {god gift}
 52084 | Vaults:5 | Identified the +6 long sword "Cill" {flame, rN++ Dex+8
                  | Stlth-} (Okawaru gifted it to you on level 5 of the Vaults)
 52129 | Vaults:5 | Reached XP level 23. HP: 115/220 MP: 23/23
 52135 | Vaults:5 | Identified the amulet of Qisen {Acrobat rC+ rN++ Int-2
                  | SInv}
 52725 | Vaults:5 | Received a gift from Okawaru
 52925 | Vaults:5 | Got a silver rune of Zot
 52931 | Vaults:5 | Got a warped glaive
 52988 | Vaults:5 | Got a bloodstained war axe {god gift}
 53044 | Vaults:5 | Identified the +6 glaive "Wumoh" {drain, -Tele *Drain rElec
                  | Stlth+}
 53445 | Lair:1   | Identified the +3 war axe "Hinabeun" {vamp, +Rage Str+3}
                  | (Okawaru gifted it to you on level 5 of the Vaults)
 53450 | Lair:1   | Identified the +8 glaive of Optoag {flame, rElec rPois rC-
                  | SInv} (You found it on level 5 of the Vaults)
 53842 | Vaults:5 | Identified the amulet of Etyur {Harm *Drain Dex+4}
 53872 | Vaults:5 | Found Mitz's Magic Scroll Shop.
 53964 | Vaults:5 | Got a twisted quarterstaff
 53966 | Vaults:5 | Got a slimy hand crossbow
 53970 | Vaults:5 | Identified the Almanac of Lethal Ignition
 54126 | Vaults:5 | Found the +3 hat of Pondering {ponderous, MR+ MP+10 Int+5}
 54216 | Vaults:5 | Identified the Collected Works on the Snowflakes and
                  | Dislocation
 54234 | Vaults:5 | Identified the Reference Book on the Glacier and
                  | Weightlessness
 54458 | Vaults:5 | Identified Ihuikey's Almanac of Curses
 54777 | Depths:1 | Entered Level 1 of the Depths
 54818 | Depths:1 | Found a gateway to Hell.
 55032 | Vaults:1 | Bought a scroll of acquirement for 1248 gold pieces
 55037 | Vaults:1 | Found the -2 hat of the Alchemist {rElec rPois rF+ rC+ rN+
                  | MR+ rMut rCorr}
 55277 | Lair:1   | Identified the +6 hand crossbow "Qilyaronorgh" {flame, +Fly
                  | rF+ rC-} (You found it on level 5 of the Vaults)
 55280 | Lair:1   | Identified the +4 quarterstaff of the Whale {vamp, *Noise
                  | rElec MR+} (You found it on level 5 of the Vaults)
 55746 | Depths:1 | Found a runed translucent door.
 55806 | Depths:1 | Found a gateway to a ziggurat.
 56040 | Depths:1 | Received a gift from Okawaru
 56044 | Depths:1 | Got a pair of distressingly furry boots
 56055 | Depths:1 | Identified the cursed +0 pair of boots of Joy {Str+6 Int+4}
                  | (You found it on level 1 of the Depths)
 56289 | Depths:2 | Found a transporter.
 57168 | Depths:2 | Noticed a juggernaut
 57274 | Depths:2 | Found a one-way gate leading to the halls of Pandemonium.
 57384 | Depths:2 | Found a portal to a secret trove of treasure.
 57804 | D:6      | Killed Gynju's ghost
 58506 | Lair:5   | Killed PeterQ's ghost
 58935 | Orc:2    | Bought a potion of heal wounds for 145 gold pieces
 59359 | Elf:2    | You fall into a shaft and drop 1 floor!
 62902 | Depths:3 | Received a gift from Okawaru
 62945 | Depths:3 | Reached XP level 24. HP: 233/233 MP: 24/24
 63147 | Depths:3 | Reached skill level 1 in Evocations
 63305 | Depths:3 | Found a shimmering blue altar of Sif Muna.
 63423 | Depths:3 | Identified Olloidys's Collected Works on Attacks and Aid
 63496 | Depths:3 | Got a crude granite ring
 63501 | Depths:3 | Identified the ring of Zamu {rPois rC+ rCorr} (You found it
                  | on level 3 of the Depths)
 63530 | Depths:3 | Noticed an ancient lich
 63532 | Depths:3 | Killed an ancient lich
 63552 | Depths:3 | Identified the Compendium of Feathery Dislocation
 63568 | Depths:3 | Identified the Reference Book on Supportive Lightness
 63698 | Depths:3 | Found a corrupted altar of Lugonu.
 63702 | Depths:3 | Found a one-way gate to the infinite horrors of the Abyss.
 64115 | Depths:3 | Found Urghaasosh's Jewellery Shop.
 64115 | Depths:3 | Found Guwar's Gadget Shoppe.
 64116 | Depths:3 | Found Jangifiu's Gadget Shoppe.
 64267 | Depths:4 | Received a gift from Okawaru
 64356 | Depths:4 | Noticed the Enchantress
 64784 | Depths:3 | Killed the Enchantress
 64952 | Depths:4 | Identified the +4 shield of Impatience {rF+}
 64974 | Depths:4 | Received a gift from Okawaru
 65180 | Depths:4 | Identified the ring of the Saviour {Fire Str+4}
 65748 | Depths:5 | Entered Level 5 of the Depths
 65791 | Depths:5 | Reached XP level 25. HP: 89/246 MP: 24/24
 66231 | Depths:5 | Got a heavily runed chain mail
 66242 | Depths:5 | Identified the cursed +1 chain mail "Jedasic" {rC++ Str-3}
                  | (You found it on level 5 of the Depths)
 66734 | Depths:5 | Received a gift from Okawaru
 67275 | Depths:5 | Noticed a juggernaut
 67285 | Depths:5 | Killed a juggernaut
 68189 | Depths:5 | Got a polished shield {god gift}
 68297 | Depths:5 | Found a runed translucent door.
 68298 | Depths:5 | Found a runed translucent door.
 68298 | Depths:5 | Found a runed translucent door.
 68306 | Depths:5 | Found a runed translucent door.
 68394 | Depths:5 | Found a runed translucent door.
 68397 | Depths:5 | Found a runed translucent door.
 68427 | Depths:5 | Found a gate to the Realm of Zot.
 68604 | Depths:5 | Identified the +5 shield of Peloso's Watchfulness {Stlth+}
                  | (Okawaru gifted it to you on level 5 of the Depths)
 69256 | Depths:2 | Found a transporter.
 69263 | Depths:2 | Found a runed translucent door.
 69263 | Depths:2 | Found a bloodstained altar of Trog.
 69264 | Depths:2 | Found the +8 Wrath of Trog {antimagic, *Rage}
 69290 | Depths:2 | Annihilated by a juggernaut

Levels and vault maps discovered:
D:1:      dpeg_arrival_rooms_c, layout_loops_corners
D:2:      minmay_recursive_quarters, layout_loops_ring, minmay_three_crescents
D:3:      layout_loops_ring, lemuel_round_altar,
          nicolae_dithmenos_through_a_glass_darkly,
          gammafunk_temple_overflow_arena, portal_sewer_entry_a, uniq_terence
D:4:      layout_basic, tgw_sif, kennysheep_okawaru_gauntlet,
          lemuel_doored_altar, first_ration, uniq_sigmund, uniq_pikel,
          uniq_duvessa
D:5:      minmay_spotlight, layout_cave_pods, nicolae_overflow_crystal_walls,
          minmay_temple_entry_fiery, serial_shops, kennysheep_little_box,
          kennysheep_mini, nicolae_shop_waterfront, minivault_26
D:6:      layout_loops_ring, hellmonk_ghost_happy_afterlife
D:7:      layout_basic
D:8:      layout_loops_ring, blue_anna_alchemist [blue_anna_fruit_fields,
          blue_anna_fruit_fields], grunt_ministairs_7
D:9:      layout_basic, lemuel_mausoleum_altar_kikubaaqudgha,
          grunt_temple_overflow_open, david_orc_4
D:10:     layout_basic, dpeg_oklobed_lair, serial_shops, shop, uniq_harold,
          uniq_urug
D:11:     layout_small_grid, minmay_misc_feat_room
D:12:     minmay_crescents, layout_cave_pods, portal_ice_cave_entry_imps,
          minmay_mirror_moons_of_madness, uniq_maurice
D:13:     layout_roguey, david_vaults_5
D:14:     layout_layer_cave, old_standard_altar, serial_shops, shop
D:15:     grunt_enter_depths_giant_problem, layout_basic, special_room
          [special_room_bee], serial_shops, shop, guppyfry_shop_earth
Lair:1:   layout_layer_cave
Lair:2:   minmay_lair_oklob_tunnel, layout_loops_ring, swamp_mist_pool,
          st_stairs_3
Lair:3:   layout_cave_pods
Lair:4:   layout_long_grid, minmay_snake_entry_six_corridors,
          beast_lair_carwin_5, uniq_nessos
Lair:5:   layout_hall_layers, slime_altar_1, maelrawn_ghost_gauntlet_escape,
          lemuel_fruit_fields
Lair:6:   wormcave, layout_gridlike, serial_bayou_shore_a
Swamp:1:  layout_falls_marsh, nicolae_swamp_round_clearing
Swamp:2:  gammafunk_the_bubble [the_bubble_gammafunk_grid], layout_basic_swamp,
          gammafunk_ghost_hydra_chop, nicolae_swamp_dense_foliage, swamp_pool1,
          nicolae_swamp_feature_on_the_river_bank, uniq_frances
Swamp:3:  layout_falls_marsh, lemuel_altar_in_water, swamp_pool4,
          infiniplex_staircase_pool
Swamp:4:  swamp, layout_basic_swamp, nicolae_swamp_necromancer_hut
Snake:1:  layout_rooms
Snake:2:  layout_cave_town
Snake:3:  layout_rooms
Snake:4:  grunt_snake_rune_serpentine_throne, layout_onion
Orc:1:    layout_diamond_mine
Orc:2:    st_orc_rangers, layout_diamond_mine
Elf:1:    layout_gridlike, serial_shops, bzr_entry_dummy, basic_altar,
          kennysheep_underground_church, laboratory, uniq_donald
Elf:2:    layout_onion_city, serial_shops, shop, minmay_shop_grid_forest
Elf:3:    minmay_elf_hall_four_x, layout_loops_ring, serial_shops,
          nicolae_shop_statue_plus, minmay_shoptagon
Vaults:1: nicolae_vaults_sealed_display, hangedman_vaults_cutoff,
          vaults_dpeg_doors, v_pattern_4, ontoclasm_vaults_chip,
          vaults_mumra_minichess, v_misc_19, hangedman_vaults_locks,
          nicolae_vaults_little_squares_4, st_more_cells,
          ontoclasm_vaults_decontamination, vaults_dpeg_cross,
          vaults_room_stairs_pillars, layout_vaults_maze_bifur, serial_shops,
          shop, shop_fountains, nicolae_shop_behind_doors, nicolae_shop_trees
Vaults:2: vaults_room_large_hall, hangedman_vaults_impose, v_misc_29,
          vaults_mumra_minichess_inversion, v_misc_1, ontoclasm_vaults_shuriken,
          vaults_room_door_ring, ontoclasm_vaults_twist, v_misc_11,
          nicolae_vaults_network_quinsquares
          [nicolae_vaults_network_quincunx_subvault,
          nicolae_vaults_network_quincunx_subvault,
          nicolae_vaults_network_quincunx_subvault,
          nicolae_vaults_network_quincunx_subvault], ontoclasm_vaults_spin,
          layout_vaults_ring
Vaults:3: vaults_room_fancy_cross, v_misc_4, v_misc_2,
          nicolae_vaults_mini_display_case, nicolae_vaults_yaktaur_gun_rack,
          v_misc_26, nicolae_vaults_stairing_the_circle,
          minmay_crypt_entry_nasty_monster, vaults_dpeg_hooks, v_misc_15,
          layout_vaults_omnibox, serial_shops, bzr_in_the_mist, uniq_frederick
Vaults:4: vaults_mumra_hexcomb, v_misc_13, grunt_vaults_swirl, v_misc_29,
          v_misc_13, nicolae_vaults_little_squares_1, nicolae_vaults_theta,
          ontoclasm_vaults_fault, vaults_mumra_hex, vaults_room_door_ring,
          layout_vaults_quadrants
Vaults:5
Depths:1: layout_cave_pools, enter_ziggurat_b, hell_entry,
          minmay_misc_feat_more_columns, minmay_crystal_box,
          serial_bayou_shore_b
Depths:2: emtedronai_trogs_sanctum, layout_gridlike, rand_demon_pan_entry_4,
          hell_entry, minmay_misc_feat_iff, nicolae_trove_entry_diagonal,
          solitary_fountain
Depths:3: evilmike_library_of_no_secrets, layout_gridlike, pan_entry,
          abyss_entry_flame_altar, grunt_mini_vestibule,
          wad_floor_pattern_untrapped, minmay_shop_grove,
          infiniplex_staircase_zigzag_4
Depths:4: minmay_the_grid_octo_2x2 [minmay_the_grid_octo_horde,
          minmay_the_grid_octo_thin_diamonds, minmay_the_grid_octo_teeth,
          minmay_the_grid_octo_prize_single_spiral], layout_cave_pools,
          abyss_entry, hell_entry, minmay_strange_pillars,
          kennysheep_generic_room_4, uniq_enchantress
Depths:5: evilmike_zot_entry_castle, layout_basic, grunt_hell_entry_dis_old,
          minmay_crystal_water

Skill      XL: |  1  2  3  4  5  6  7  8  9 10 11 12 13 14 15 16 17 18 19 20 21 22 23 24 25 |
---------------+----------------------------------------------------------------------------+-----
Shields        | 4 5 6 7 8 9 10 12 14 16 18 20 21 22 23 24 25 26 27 | 27.0
Armour         | 4 5 6 7 8 10 11 12 13 14 15 16 17 18 19 20 21 | 21.2
Fighting       | 4 5 6 7 8 9 10 12 13 14 15 16 17 18 19 21 22 24 25 | 25.0
Long Blades    | 3 4 6 7 8 11 13 14 15 16 17 18 19 20 21 22 23 24 25 | 25.4
Dodging        | 1 2 3 5 6 7 8 9 10 11 12 | 12.8
Stealth        | 1 2 3 4 |  4.6
Invocations    | 1 2 |  2.7
Axes           | 1 2 |  2.6
Evocations     | 1 |  1.1

Action                   |  1- 3 |  4- 6 |  7- 9 | 10-12 | 13-15 | 16-18 | 19-21 | 22-24 | 25-27 || total
-------------------------+-------+-------+-------+-------+-------+-------+-------+-------+-------++-------
Melee: Long sword        |    93 |   231 |   349 |   550 |       |     5 |    69 |       |       ||  1297
       Headbutt          |    12 |    44 |    90 |   293 |   504 |   290 |   330 |   299 |    81 ||  1943
       Falchion          |       |       |       |   476 |  1072 |       |       |       |       ||  1548
       Hand axe          |       |       |       |       |    35 |       |       |       |       ||    35
       Double sword      |       |       |       |       |   539 |   907 |   932 |   874 |   208 ||  3460
       Demon blade       |       |       |       |       |       |     3 |       |       |       ||     3
Invok: Heroism           |       |       |     5 |    11 |     4 |     2 |     1 |     2 |       ||    25
       Finesse           |       |       |       |       |       |       |     1 |       |       ||     1
Evoke: Wand              |       |       |     3 |    13 |       |     2 |       |     2 |     1 ||    21
  Use: Potion            |     3 |     1 |     4 |       |     2 |     1 |     3 |       |       ||    14
       Scroll            |       |     8 |     4 |     7 |    13 |    12 |     8 |     9 |     6 ||    67
 Stab: Distracted        |       |       |       |       |       |     1 |       |     1 |       ||     2
  Eat: Chunk             |       |     7 |    15 |    27 |    24 |    26 |    21 |    24 |     9 ||   153
       Ration            |       |       |       |     1 |     4 |     3 |     4 |     8 |     1 ||    21
Armor: Scale mail        |    39 |     1 |       |       |       |       |       |       |       ||    40
       Chain mail        |       |   176 |    65 |    62 |   336 |   437 |   397 |   309 |    83 ||  1865
       Plate armour      |       |       |    53 |   189 |       |       |       |       |       ||   242
Dodge: Dodged            |    27 |    75 |    74 |   179 |   318 |   364 |   439 |   363 |    88 ||  1927
Block: Shield            |    58 |   180 |   193 |   640 |  1930 |   348 |       |       |       ||  3349
       Reflection        |       |       |       |    15 |   141 |    82 |   140 |   139 |    23 ||   540
       Buckler           |       |       |       |       |       |   547 |  1040 |   798 |   192 ||  2577
       Other             |       |       |       |       |       |    15 |       |       |       ||    15
       Rpst.: Long sword |     4 |    19 |    26 |    24 |       |       |     7 |       |       ||    80
       Falchion          |       |       |       |    24 |    41 |       |       |       |       ||    65
       Double sword      |       |       |       |       |    23 |    58 |    68 |    63 |     7 ||   219

Table legend:
 A = Non-vault XP
 B = Vault XP
 C = Vault XP percentage of total XP
 D = Non-vault monster count
 E = Vault monster count
 F = Vault count percentage of total count
                 A         B        C        D         E       F
            +---------+---------+-------+---------+---------+-------
      Total |  670312 |  567702 |  45.9 |    1509 |     756 |  33.4
            +---------+---------+-------+---------+---------+-------
        D:1 |      42 |       0 |   0.0 |      21 |       0 |   0.0
        D:2 |      46 |      59 |  56.2 |      17 |      11 |  39.3
        D:3 |     200 |      86 |  30.1 |      30 |      11 |  26.8
        D:4 |     290 |    1174 |  80.2 |      10 |       5 |  33.3
        D:5 |     670 |     238 |  26.2 |      19 |       3 |  13.6
        D:6 |     696 |     365 |  34.4 |      21 |       1 |   4.5
        D:7 |    1029 |       0 |   0.0 |      23 |       0 |   0.0
        D:8 |    1903 |     109 |   5.4 |      20 |       4 |  16.7
        D:9 |    2246 |    1397 |  38.3 |      36 |      26 |  41.9
       D:10 |    2237 |    2372 |  51.5 |      27 |       3 |  10.0
       D:11 |    2899 |       0 |   0.0 |      44 |       0 |   0.0
       D:12 |    5226 |    7664 |  59.5 |      30 |      32 |  51.6
       D:13 |    4299 |    1795 |  29.5 |      19 |       4 |  17.4
       D:14 |   11826 |       0 |   0.0 |      52 |       0 |   0.0
       D:15 |   11815 |    4360 |  27.0 |      34 |      21 |  38.2
     Lair:1 |    3088 |       0 |   0.0 |      12 |       0 |   0.0
     Lair:2 |    4858 |    3047 |  38.5 |      24 |       9 |  27.3
     Lair:3 |    5821 |       0 |   0.0 |      32 |       0 |   0.0
     Lair:4 |    4217 |    4182 |  49.8 |      22 |      19 |  46.3
     Lair:5 |    5776 |    3371 |  36.9 |      20 |       5 |  20.0
     Lair:6 |   11539 |    6631 |  36.5 |      32 |      17 |  34.7
    Swamp:1 |   12479 |       0 |   0.0 |      22 |       0 |   0.0
    Swamp:2 |   11203 |   17491 |  61.0 |      27 |      19 |  41.3
    Swamp:3 |   18203 |     268 |   1.5 |      46 |       2 |   4.2
    Swamp:4 |    9035 |   18995 |  67.8 |      25 |      30 |  54.5
    Snake:1 |   12422 |       0 |   0.0 |      22 |       0 |   0.0
    Snake:2 |   26693 |       0 |   0.0 |      48 |       0 |   0.0
    Snake:3 |   31668 |       0 |   0.0 |      63 |       0 |   0.0
    Snake:4 |   19550 |   44202 |  69.3 |      33 |      61 |  64.9
      Orc:1 |    8604 |     130 |   1.5 |      55 |       1 |   1.8
      Orc:2 |    6357 |    3708 |  36.8 |      57 |      32 |  36.0
      Elf:1 |    8535 |    8435 |  49.7 |      15 |      20 |  57.1
      Elf:2 |    5832 |   30073 |  83.8 |      11 |      34 |  75.6
      Elf:3 |   20659 |   53498 |  72.1 |      32 |      36 |  52.9
   Vaults:1 |   31367 |   19723 |  38.6 |      56 |      32 |  36.4
   Vaults:2 |   36328 |   11913 |  24.7 |      61 |      25 |  29.1
   Vaults:3 |   35183 |   23292 |  39.8 |      55 |      23 |  29.5
   Vaults:4 |   62109 |   39968 |  39.2 |      70 |      47 |  40.2
   Vaults:5 |   35749 |  102056 |  74.1 |      48 |      71 |  59.7
   Depths:1 |   25088 |    5156 |  17.0 |      26 |       5 |  16.1
   Depths:2 |   40547 |    6432 |  13.7 |      51 |       8 |  13.6
   Depths:3 |   51850 |   41142 |  44.2 |      61 |      31 |  33.7
   Depths:4 |   33127 |   38068 |  53.5 |      34 |      24 |  41.4
   Depths:5 |   47001 |   55094 |  54.0 |      46 |      33 |  41.8
      Sewer |       0 |     146 | 100.0 |       0 |       9 | 100.0
      IceCv |       0 |   11062 | 100.0 |       0 |      42 | 100.0
            +---------+---------+-------+---------+---------+-------
